 Dungeon Crawl Stone Soup version 0.20-a0-1122-gb7cbeb9 (webtiles) character file.

38 KristoblXynda the Conjurer (level 3, -2/26 HPs)
             Began as a Draconian Conjurer on May 12, 2017.
             Slain by a human (9 damage)
             ... on level 2 of the Dungeon.
             The game lasted 00:04:02 (1881 turns).

KristoblXynda the Conjurer (Draconian Conjurer)     Turns: 1881, Time: 00:04:02

Health: -2/26      AC:  5    Str: 10    XL:     3   Next: 25%
Magic:  2/6        EV: 12    Int: 16    God:
Gold:   115        SH:  0    Dex: 11    Spells: 2/6 levels left

rFire    . . .     SeeInvis .   d - +0 dagger (curse)
rCold    . . .     Gourm    .   (no shield)
rNeg     . . .     Faith    .   (armour unavailable)
rPois    .         Spirit   .   (helmet restricted)
rElec    .         Reflect  .   (no cloak)
rCorr    .         Harm     .   (no gloves)
MR       .....                  (no boots)
Stlth    ++........             (no amulet)
Regen    0.1/turn               (no ring)
MPRegen  0.1/turn               (no ring)

@: no status effects
A: unfitting armour, cold-blooded, AC +5
a: no special abilities


You were on level 2 of the Dungeon.
You were not hungry.

You visited 1 branch of the dungeon, and saw 2 of its levels.

You collected 115 gold pieces.

Inventory:

Hand Weapons
 d - a cursed +0 dagger (weapon)
Scrolls
 c - a scroll of identify
 e - a scroll of amnesia {unknown}
 g - a scroll of enchant weapon {unknown}
 j - 3 scrolls of blinking {unknown}
 k - 3 scrolls of recharging {unknown}
Potions
 i - a potion of flight
Books
 a - a book of Conjurations

   Spells                             Type                      Level
   a - Magic Dart                     Conjuration                  1
   b - Searing Ray                    Conjuration                  2
   c - Dazzling Spray                 Conjuration/Hexes            3
   d - Fulminant Prism                Conjuration/Hexes            4
   e - Force Lance                    Conjuration/Translocation    4
   f - Iskenderun's Mystic Blast      Conjuration                  4
Comestibles
 b - 2 bread rations


   Skills:
 + Level 1.7 Short Blades
 - Level 1.7 Dodging
 - Level 1.7 Stealth
 - Level 1.1 Unarmed Combat
 - Level 2.0 Spellcasting
 + Level 4.4 Conjurations


You had 2 spell levels left.
You knew the following spells:

 Your Spells              Type           Power        Failure   Level  Hunger
a - Magic Dart            Conj           ###.         3%          1    #......
b - Dazzling Spray        Conj/Hex       #.....       24%         3    ###....


Dungeon Overview and Level Annotations

Branches:
Dungeon (2/15)

Altars:
Elyvilon
Yredelemnul


Innate Abilities, Weirdness & Mutations

Your plain brown scales are hard. (AC +5)
You cannot fit into any form of body armour.
You are cold-blooded and may be slowed by cold attacks.


Message History

Casting: Dazzling Spray
Confirm with . or Enter, or press ? or * to list all spells.
Aiming: Dazzling Spray
Press: ? - help, Shift-Dir - straight line, f/p - human
Aim: a human (severely wounded)
The spray of energy misses the human.
The human hits you but does no damage.
You hit the human.
The human is severely wounded.
The human closely misses you.
A kobold comes into view. It is wielding a whip.
The kobold shouts!
You hit the kobold.
The kobold is severely wounded.
The kobold misses you.
You hit the kobold.
You kill the kobold!
You hit the human.
The human is severely wounded.
The human hits you!
You die...

.......##.#.# ###.#... ..
............# ......... .#
..#.#..##...##########........ .#
.(#.#..##...............#.#.#. .#
..#.#..##....####...........#. )#
>..[......................# #.#.#
.<#.#........#######......#.#.#.#
.##.#.###...########.............
................@p.......#####...
......#####.#######.####.....#p.#
####..###.#.#######.####.....#..#
#................##...##.)#..#
#.####.#.######..##....#..#...
##....#...# ##....(._......##
#.....#...# #..#..#....##..#
###.....#..)#####..#..##...##..#
........#..........#.....####..#


You could see a human.

Vanquished Creatures
  7 bats
  4 giant cockroaches
  7 goblins
  4 hobgoblins
  2 frilled lizards
  A goblin skeleton (D:2)
  4 kobolds
  4 rats
33 creatures vanquished.

Vanquished Creatures (others)
  A leopard gecko (D:2)
  A hobgoblin (D:2)
  4 jackals (D:2)
  2 rats (D:2)
8 creatures vanquished.

Grand Total: 41 creatures vanquished

Notes
Turn   | Place    | Note
-------+----------+-------------------------------------------
     0 | D:1      | KristoblXynda the Draconian Conjurer began the quest for the Orb.
     0 | D:1      | Reached XP level 1. HP: 14/14 MP: 3/3
   127 | D:1      | Reached skill level 1 in Unarmed Combat
   170 | D:1      | Reached XP level 2. HP: 20/20 MP: 1/5
   734 | D:1      | Reached skill level 1 in Short Blades
   870 | D:2      | Found a runed door.
   870 | D:2      | Noticed a human
   871 | D:2      | Found a basalt altar of Yredelemnul.
  1175 | D:2      | Reached XP level 3. HP: 25/26 MP: 6/6
  1314 | D:2      | Found a white marble altar of Elyvilon.
  1526 | D:2      | Learned a level 3 spell: Dazzling Spray
  1881 | D:2      | Slain by a human

Vault maps used:
D:1:      lemuel_arrival_river_ford, minmay_misc_feat_encased
D:2:      nicolae_overflow_crystal_walls, dk_yredelemnul_ordeal

Skill      XL: |  1  2 |
---------------+-------+-----
Unarmed Combat | 1 |  1.1
Short Blades   | 1 |  1.7
Dodging        | |  1.7
Stealth        | |  1.7
Spellcasting   | |  2.0
Conjurations   | |  4.4

Action                   || total
-------------------------++-------
Melee: Dagger            ||    83
       Tailslap          ||     6
       Punch             ||     1
 Cast: Magic Dart        ||    55
       Dazzling Spray    ||     2
  Use: Scroll            ||     2
 Stab: Sleeping          ||     1
  Eat: Royal jelly       ||     1
       Meat ration       ||     1
Armor: Skin              ||    30
Dodge: Dodged            ||    63
